| TOP OF THE 1ST |
|
Wichita State University Shockers batting - Pitching for University of Michigan Wolverines : RHP Adam Timmons
|
|
Pitching: RHP Adam Timmons
|
|
|
Batting: LHB Kyle Lee
|
0-0: Called Strike 0-1: Called Strike 0-2: Ground out 1-3 (Groundball, 13, EV 68.8 MPH)
|
|
Batting: RHB Byron Whitehead
|
0-0: Ball 1-0: SINGLE (Groundball, 56, EV 102.5 MPH)
|
|
Batting: LHB Carlos Flores
|
0-0: Called Strike 0-1: Foul Ball, location: 2F 0-2: Ball 1-2: Ball 2-2: Foul Ball, location: 2F 2-2: Grounds into double play, 6-4-3 (Groundball, 6D, EV 86.9 MPH)
|
| Top of the 1st over - 0 runs, 1 hit, 0 errors, 0 left on base; Wichita State University 0 - University of Michigan 0 |
| BOTTOM OF THE 1ST |
|
University of Michigan Wolverines batting - Pitching for Wichita State University Shockers : RHP Steve Dodge
|
|
Pitching: RHP Steve Dodge
|
|
|
Batting: RHB Gerard Gordijn
|
0-0: Called Strike 0-1: Ball 1-1: Swinging Strike 1-2: Strikes out swinging
|
|
Batting: RHB Walter Fisher
|
0-0: Ball 1-0: Foul Ball, location: 2F 1-1: Ball 2-1: Foul Ball, location: 2F 2-2: Fly out, F9 (Flyball, 9S, EV 91.2 MPH)
|
|
Batting: RHB Mike Harden
|
0-0: Swinging Strike 0-1: Ball 1-1: Swinging Strike 1-2: Strikes out swinging
|
| Bottom of the 1st over - 0 runs, 0 hits, 0 errors, 0 left on base; Wichita State University 0 - University of Michigan 0 |
| TOP OF THE 2ND |
|
Wichita State University Shockers batting - Pitching for University of Michigan Wolverines : RHP Adam Timmons
|
|
Batting: RHB Jason Adelstein
|
0-0: Called Strike 0-1: Foul Ball, location: 2F 0-2: SINGLE (Flyball, 7, EV 91.2 MPH)
|
|
Batting: LHB Troy Davies
|
0-0: Foul Ball, location: 2F 0-1: Swinging Strike 0-2: Fielders Choice at 2nd, 3-6 (Groundball, 3, EV 81.9 MPH)
|
|
Batting: RHB Lucio Baratta
|
0-0: Swinging Strike 0-1: Reached on error, E1 (Groundball, 13S, EV 68.8 MPH) Troy Davies to second
|
|
Batting: SHB Mike Chafe
|
0-0: Called Strike 0-1: Ball Balk! Troy Davies to third Lucio Baratta to second 1-1: Swinging Strike 1-2: Ball 2-2: Foul Ball, location: 2F 2-2: Ball 3-2: Foul Ball, location: 2F 3-2: Foul Ball, location: 2F 3-2: SINGLE (Line Drive, 56D, EV 103.1 MPH) Troy Davies scores Lucio Baratta to third Runner from 3rd tries for Home, SAFE, throw by LF to home
|
|
Batting: SHB Peter Faggard
|
0-0: Ball 1-0: Ball 2-0: Foul Ball, location: 2F 2-1: Foul Ball, location: 2F 2-2: Ball 3-2: Reached on error, E3 (Groundball, 3, EV 83.8 MPH) Mike Chafe to second
|
|
Batting: RHB Joe Succo
|
0-0: Called Strike 0-1: Foul Ball, location: 2F 0-2: Strikes out looking
|
|
Batting: LHB Kyle Lee
|
0-0: Called Strike 0-1: SINGLE (Line Drive, 89M, EV 91.9 MPH) Mike Chafe to third Peter Faggard to second Runner from 3rd tries for Home, SAFE, throw by RF to home
|
|
Batting: RHB Byron Whitehead
|
0-0: Called Strike 0-1: Called Strike 0-2: Strikes out swinging
|
| Top of the 2nd over - 3 runs, 3 hits, 2 errors, 2 left on base; Wichita State University 3 - University of Michigan 0 |
| BOTTOM OF THE 2ND |
|
University of Michigan Wolverines batting - Pitching for Wichita State University Shockers : RHP Steve Dodge
|
|
Batting: RHB Angus Shanahan
|
0-0: Foul Ball, location: 2F 0-1: Ball 1-1: Ball 2-1: Ball 3-1: Called Strike 3-2: Base on Balls
|
|
Batting: RHB Allan Dunn
|
0-0: Called Strike 0-1: DOUBLE (Flyball, 8RXD, EV 100.6 MPH) Angus Shanahan to third
|
|
Batting: SHB Phillip Blake
|
0-0: Foul Ball, location: 2F 0-1: Swinging Strike 0-2: Ball 1-2: Ball 2-2: Foul Ball, location: 2F 2-2: Fly out, F8 (Line Drive, 6MD, EV 63.1 MPH) Runner from 3rd tags up, OUT at HOME! 8-2 Allan Dunn to third
|
|
Batting: LHB Murdock Cranton
|
0-0: Ball 1-0: Foul Ball, location: 2F 1-1: Called Strike 1-2: Strikes out swinging
|
| Bottom of the 2nd over - 0 runs, 1 hit, 0 errors, 1 left on base; Wichita State University 3 - University of Michigan 0 |
| TOP OF THE 3RD |
|
Wichita State University Shockers batting - Pitching for University of Michigan Wolverines : RHP Adam Timmons
|
|
Batting: LHB Carlos Flores
|
0-0: Ball 1-0: Called Strike 1-1: Fly out, F8 (Flyball, 8LD, EV 86.2 MPH)
|
|
Batting: RHB Jason Adelstein
|
0-0: Ball 1-0: Ground out 6-3 (Groundball, 6, EV 102.5 MPH)
|
|
Batting: LHB Troy Davies
|
0-0: Ball 1-0: Ground out 2-3 (Groundball, 2L, EV 63.1 MPH)
|
| Top of the 3rd over - 0 runs, 0 hits, 0 errors, 0 left on base; Wichita State University 3 - University of Michigan 0 |
| BOTTOM OF THE 3RD |
|
University of Michigan Wolverines batting - Pitching for Wichita State University Shockers : RHP Steve Dodge
|
|
Batting: SHB Elvis Hoying
|
0-0: Ball 1-0: SINGLE (Groundball, 34D, EV 100.6 MPH)
|
|
Batting: LHB Lance Sabo
|
0-0: Called Strike 0-1: Called Strike 0-2: Ball 1-2: Ball 2-2: Fly out, F8 (Flyball, 8RD, EV 78.1 MPH)
|
|
Batting: RHB Gerard Gordijn
|
0-0: Called Strike 0-1: Fly out, F7 (Flyball, 7LS, EV 86.9 MPH)
|
|
Batting: RHB Walter Fisher
|
0-0: Foul Ball, location: 2F 0-1: SINGLE (Line Drive, 4MD, EV 104.4 MPH) Elvis Hoying to second
|
|
Batting: RHB Mike Harden
|
0-0: Ball 1-0: Ball 2-0: Called Strike 2-1: Called Strike 2-2: Ground out U3 (Groundball, 23, EV 82.5 MPH)
|
| Bottom of the 3rd over - 0 runs, 2 hits, 0 errors, 2 left on base; Wichita State University 3 - University of Michigan 0 |
| TOP OF THE 4TH |
|
Wichita State University Shockers batting - Pitching for University of Michigan Wolverines : RHP Adam Timmons
|
|
Batting: RHB Lucio Baratta
|
0-0: SINGLE (Groundball, 4, EV 96.2 MPH)
|
|
Batting: SHB Mike Chafe
|
0-0: Called Strike 0-1: Ball 1-1: Ball 2-1: SINGLE (Groundball, 34D, EV 102.5 MPH) Lucio Baratta to second Runner from 2nd tries for 3rd, SAFE, throw by RF made to third
|
|
Batting: SHB Peter Faggard
|
0-0: Foul Ball, location: 2F 0-1: Called Strike 0-2: Ball 1-2: Ball 2-2: Foul Ball, location: 2F 2-2: Grounds into double play, 5-4-3 (Groundball, 56, EV 101.9 MPH) Lucio Baratta scores
|
|
Batting: RHB Joe Succo
|
0-0: Ball 1-0: Called Strike 1-1: Foul Ball, location: 2F 1-2: Strikes out swinging
|
| Top of the 4th over - 1 run, 2 hits, 0 errors, 0 left on base; Wichita State University 4 - University of Michigan 0 |
| BOTTOM OF THE 4TH |
|
University of Michigan Wolverines batting - Pitching for Wichita State University Shockers : RHP Steve Dodge
|
|
Batting: RHB Angus Shanahan
|
0-0: Ball 1-0: Ball 2-0: SINGLE (Line Drive, 8RS, EV 108.8 MPH)
|
|
Batting: RHB Allan Dunn
|
0-0: Swinging Strike 0-1: Ball Wild Pitch! Angus Shanahan to second 1-1: Ball 2-1: Foul Ball, location: 2F 2-2: Ball 3-2: Base on Balls
|
|
Batting: SHB Phillip Blake
|
0-0: Fly out, F4 (Popup, 4, EV 53.8 MPH)
|
|
Batting: LHB Murdock Cranton
|
0-0: Fly out, F9 (Line Drive, 9S, EV 95.6 MPH)
|
|
Batting: SHB Elvis Hoying
|
0-0: SINGLE (Line Drive, 34, EV 101.2 MPH) Angus Shanahan to third Allan Dunn to second
|
|
Batting: LHB Lance Sabo
|
0-0: Called Strike 0-1: Foul Ball, location: 2F 0-2: Ball 1-2: Strikes out swinging
|
| Bottom of the 4th over - 0 runs, 2 hits, 0 errors, 3 left on base; Wichita State University 4 - University of Michigan 0 |
| TOP OF THE 5TH |
|
Wichita State University Shockers batting - Pitching for University of Michigan Wolverines : RHP Adam Timmons
|
|
Batting: LHB Kyle Lee
|
0-0: Ball 1-0: Foul Ball, location: 2F 1-1: Ball 2-1: Foul Ball, location: 2F 2-2: Ball 3-2: Base on Balls
|
|
Batting: RHB Byron Whitehead
|
0-0: Swinging Strike 0-1: Ball 1-1: Ball 2-1: Ball 3-1: Foul Ball, location: 2F 3-2: Fielders Choice at 2nd, 6-4 (Groundball, 6, EV 86.9 MPH)
|
|
Batting: LHB Carlos Flores
|
0-0: Foul Ball, location: 2F 0-1: Swinging Strike 0-2: Grounds into double play, 5-4-3 (Groundball, 15, EV 87.5 MPH)
|
| Top of the 5th over - 0 runs, 0 hits, 0 errors, 0 left on base; Wichita State University 4 - University of Michigan 0 |
| BOTTOM OF THE 5TH |
|
University of Michigan Wolverines batting - Pitching for Wichita State University Shockers : RHP Steve Dodge
|
|
Batting: RHB Gerard Gordijn
|
0-0: Called Strike 0-1: Foul Ball, location: 2F 0-2: Ball 1-2: Fly out, F9 (Flyball, 9D, EV 106.2 MPH)
|
|
Batting: RHB Walter Fisher
|
0-0: Fly out, F6 (Popup, 15S, EV 85.6 MPH)
|
|
Batting: RHB Mike Harden
|
0-0: Ball 1-0: Ball 2-0: Called Strike 2-1: Ball 3-1: Base on Balls
|
|
Batting: RHB Angus Shanahan
|
0-0: Called Strike 0-1: SINGLE (Line Drive, 8RS, EV 108.8 MPH) Mike Harden to second Runner from 2nd tries for 3rd, SAFE, throw by CF made to third
|
|
Batting: RHB Allan Dunn
|
0-0: Fly out, F7 (Line Drive, 78M, EV 91.2 MPH)
|
| Bottom of the 5th over - 0 runs, 1 hit, 0 errors, 2 left on base; Wichita State University 4 - University of Michigan 0 |
| TOP OF THE 6TH |
|
Wichita State University Shockers batting - Pitching for University of Michigan Wolverines : RHP Adam Timmons
|
|
Batting: RHB Jason Adelstein
|
0-0: Called Strike 0-1: SINGLE (Line Drive, 89S, EV 88.1 MPH)
|
|
Batting: LHB Troy Davies
|
0-0: Called Strike 0-1: Fly out, F9 (Flyball, 89M, EV 90.6 MPH)
|
|
Batting: RHB Lucio Baratta
|
0-0: SINGLE (Line Drive, 56D, EV 102.5 MPH) Jason Adelstein to second
|
|
Batting: SHB Mike Chafe
|
0-0: Called Strike 0-1: Swinging Strike 0-2: Ball 1-2: Fielders Choice at 2nd, 4-6 (Groundball, 4M, EV 101.9 MPH) Jason Adelstein to third
|
|
Pitching: RHP Dave Bressler
|
|
|
Batting: SHB Peter Faggard
|
0-0: Called Strike 0-1: Ball 1-1: Fly out, F6 (Popup, 6, EV 76.9 MPH)
|
| Top of the 6th over - 0 runs, 2 hits, 0 errors, 2 left on base; Wichita State University 4 - University of Michigan 0 |
| BOTTOM OF THE 6TH |
|
University of Michigan Wolverines batting - Pitching for Wichita State University Shockers : RHP Steve Dodge
|
|
Batting: SHB Phillip Blake
|
0-0: Ball 1-0: Foul Ball, location: 2F 1-1: SINGLE (Groundball, 34D, EV 106.2 MPH)
|
|
Batting: LHB Murdock Cranton
|
0-0: Called Strike 0-1: Foul Ball, location: 2F 0-2: Ball Wild Pitch! Phillip Blake to second 1-2: Ground out U3 (Groundball, 34, EV 90.0 MPH) Phillip Blake to third
|
|
Batting: SHB Elvis Hoying
|
0-0: Swinging Strike 0-1: Ball 1-1: Ball 2-1: Swinging Strike 2-2: Foul Ball, location: 2F 2-2: Fly out, F6 (Line Drive, 6, EV 75.0 MPH)
|
|
Pitching: LHP Éric Duval
|
|
|
Batting: LHB Lance Sabo
|
0-0: Called Strike 0-1: Foul Ball, location: 2F 0-2: SINGLE (Line Drive, 34, EV 95.0 MPH) Phillip Blake scores
|
|
Batting: RHB Gerard Gordijn
|
0-0: Swinging Strike 0-1: Swinging Strike 0-2: Ball 1-2: Foul Ball, location: 2F 1-2: Strikes out swinging
|
| Bottom of the 6th over - 1 run, 2 hits, 0 errors, 1 left on base; Wichita State University 4 - University of Michigan 1 |
| TOP OF THE 7TH |
|
Wichita State University Shockers batting - Pitching for University of Michigan Wolverines : RHP Dave Bressler
|
|
Pitching: LHP Kunikazu Ishida
|
|
|
Batting: RHB Joe Succo
|
0-0: Ball 1-0: Ball 2-0: Foul Ball, location: 2F 2-1: Foul Ball, location: 2F 2-2: DOUBLE (Line Drive, 9LM, EV 91.2 MPH)
|
|
Batting: LHB Kyle Lee
|
0-0: Ball 1-0: Ball 2-0: Called Strike 2-1: Fly out, F9 (Flyball, 9LS, EV 91.2 MPH)
|
|
Batting: RHB Byron Whitehead
|
0-0: Ball 1-0: Ball 2-0: Ball 3-0: Called Strike 3-1: Base on Balls
|
|
Batting: LHB Carlos Flores
|
0-0: Swinging Strike 0-1: Ball Wild Pitch! Joe Succo to third Byron Whitehead to second 1-1: Called Strike 1-2: SINGLE (Groundball, 4, EV 96.9 MPH) (infield hit) Joe Succo scores Byron Whitehead to third
|
|
Batting: RHB Jason Adelstein
|
0-0: Ball 1-0: Foul Ball, location: 2F 1-1: Ball 2-1: Ball 3-1: Base on Balls Carlos Flores to second
|
|
Batting: LHB Troy Davies
|
0-0: Ball 1-0: Fly out, F7 (Flyball, 7LM, EV 110.0 MPH) Runner from 3rd tags up, SCORES, no throw by LF
|
|
Pitching: RHP Orlando Huizar
|
|
|
Batting: RHB Lucio Baratta
|
0-0: Ball 1-0: TRIPLE (Flyball, 78XD, EV 91.2 MPH) Carlos Flores scores Jason Adelstein scores
|
|
Batting: SHB Mike Chafe
|
0-0: Ball 1-0: Fly out, F8 (Flyball, 78M, EV 95.6 MPH)
|
| Top of the 7th over - 4 runs, 3 hits, 0 errors, 1 left on base; Wichita State University 8 - University of Michigan 1 |
| BOTTOM OF THE 7TH |
|
University of Michigan Wolverines batting - Pitching for Wichita State University Shockers : LHP Éric Duval
|
|
Batting: RHB Walter Fisher
|
0-0: Ball 1-0: Ball 2-0: Called Strike 2-1: Fly out, F8 (Line Drive, 8RS, EV 91.2 MPH)
|
|
Batting: RHB Mike Harden
|
0-0: Ball 1-0: SINGLE (Groundball, 6D, EV 105.0 MPH)
|
|
Batting: RHB Angus Shanahan
|
0-0: Swinging Strike 0-1: Ball 1-1: Swinging Strike 1-2: Strikes out swinging
|
|
Batting: RHB Allan Dunn
|
0-0: Ball 1-0: Called Strike 1-1: Fly out, F8 (Flyball, 8LM, EV 81.9 MPH)
|
| Bottom of the 7th over - 0 runs, 1 hit, 0 errors, 1 left on base; Wichita State University 8 - University of Michigan 1 |
| TOP OF THE 8TH |
|
Wichita State University Shockers batting - Pitching for University of Michigan Wolverines : RHP Orlando Huizar
|
|
Batting: SHB Peter Faggard
|
0-0: Swinging Strike 0-1: Foul Ball, location: 2F 0-2: Ball 1-2: Ground out 4-3 (Groundball, 34, EV 81.2 MPH)
|
|
Batting: RHB Joe Succo
|
0-0: Ball 1-0: Ball 2-0: Ball 3-0: Base on Balls
|
|
Batting: LHB Kyle Lee
|
0-0: Ball 1-0: Foul Ball, location: 2F 1-1: Ball 2-1: Foul Ball, location: 2F 2-2: Foul Ball, location: 2F 2-2: Ball 3-2: Base on Balls Joe Succo to second
|
|
Batting: RHB Byron Whitehead
|
0-0: TRIPLE (Line Drive, 8RXD, EV 101.9 MPH) Joe Succo scores Kyle Lee scores
|
|
Batting: LHB Carlos Flores
|
0-0: Called Strike 0-1: Foul Ball, location: 2F 0-2: Ground out 4-3 (Groundball, 4M, EV 91.2 MPH) Byron Whitehead scores
|
|
Batting: RHB Jason Adelstein
|
0-0: DOUBLE (Line Drive, 7LM, EV 94.4 MPH)
|
|
Batting: LHB Troy Davies
|
0-0: Ball 1-0: Fly out, F4 (Line Drive, 4, EV 70.6 MPH)
|
| Top of the 8th over - 3 runs, 2 hits, 0 errors, 1 left on base; Wichita State University 11 - University of Michigan 1 |
| BOTTOM OF THE 8TH |
|
University of Michigan Wolverines batting - Pitching for Wichita State University Shockers : LHP Éric Duval
|
|
Pitching: LHP Rusty Estes
|
|
|
Pinch Hitting: RHB Cesar Rubio
|
0-0: Ball 1-0: Fly out, F7 (Flyball, 7, EV 89.4 MPH)
|
|
Batting: LHB Murdock Cranton
|
0-0: Ball 1-0: Ball 2-0: Fly out, F7 (Line Drive, 7, EV 84.4 MPH)
|
|
Batting: SHB Elvis Hoying
|
0-0: Called Strike 0-1: Fly out, F8 (Flyball, 8RM, EV 82.5 MPH)
|
| Bottom of the 8th over - 0 runs, 0 hits, 0 errors, 0 left on base; Wichita State University 11 - University of Michigan 1 |
| TOP OF THE 9TH |
|
Wichita State University Shockers batting - Pitching for University of Michigan Wolverines : RHP Orlando Huizar
|
|
Pitching: RHP Leon DeSanctis
|
|
|
Now at 2B: Cesar Rubio
|
|
|
Batting: RHB Lucio Baratta
|
0-0: Ball 1-0: Ball 2-0: Called Strike 2-1: Foul Ball, location: 2F 2-2: Strikes out looking
|
|
Batting: SHB Mike Chafe
|
0-0: Called Strike 0-1: Ball 1-1: Foul Ball, location: 2F 1-2: Ball 2-2: Foul Ball, location: 2F 2-2: Ground out U3 (Groundball, 3, EV 86.2 MPH)
|
|
Batting: SHB Peter Faggard
|
0-0: Ball 1-0: Fly out, F8 (Flyball, 8LD, EV 103.1 MPH)
|
| Top of the 9th over - 0 runs, 0 hits, 0 errors, 0 left on base; Wichita State University 11 - University of Michigan 1 |
| BOTTOM OF THE 9TH |
|
University of Michigan Wolverines batting - Pitching for Wichita State University Shockers : LHP Rusty Estes
|
|
Pinch Hitting: RHB Chris Williamson
|
0-0: Ball 1-0: Ball 2-0: Ball 3-0: Called Strike 3-1: Swinging Strike 3-2: Base on Balls
|
|
Pitching: RHP Ryan Chase
|
|
|
Batting: RHB Gerard Gordijn
|
0-0: Ball 1-0: Called Strike 1-1: Called Strike 1-2: Strikes out swinging
|
|
Batting: RHB Walter Fisher
|
0-0: Ball Wild Pitch! Chris Williamson to second 1-0: Ball 2-0: Ground out 6-3 (Groundball, 6, EV 80.6 MPH)
|
|
Batting: RHB Mike Harden
|
0-0: Ball 1-0: Foul Ball, location: 2F 1-1: Ground out 3-1 (Groundball, 34, EV 79.4 MPH)
|
| Bottom of the 9th over - 0 runs, 0 hits, 0 errors, 1 left on base; Wichita State University 11 - University of Michigan 1 |
|